 Dungeon Crawl Stone Soup version 0.21-a0-2-ge494091 (webtiles) character file.

977 grindst0ne the Ruffian (level 7, -2/71 HPs)
             Began as a Troll Monk on May 21, 2017.
             Was a Priest of Makhleb.
             Slain by Duvessa
             ... wielding a +0 short sword
              (9 damage)
             ... on level 5 of the Dungeon.
             The game lasted 00:12:49 (4414 turns).

grindst0ne the Ruffian (Troll Monk)                 Turns: 4414, Time: 00:12:49

Health: -2/71      AC:  6    Str: 20 (22) XL:     7   Next: 95%
Magic:  6/6        EV: 10    Int:  6      God:    Makhleb [***...]
Gold:   379        SH:  0    Dex: 12      Spells: 6/6 levels left

rFire    + . .     SeeInvis .     - Unarmed
rCold    . . .     Gourm    +   (no shield)
rNeg     . . .     Faith    .   a - +1 robe
rPois    .         Spirit   .   (helmet restricted)
rElec    .         Reflect  .   (no cloak)
rCorr    .         Harm     .   (gloves unavailable)
MR       .....     Clarity  +   (boots unavailable)
Stlth    +.........             (no amulet)
Regen    0.7/turn               h - ring of flight
MPRegen  0.1/turn               j - ring of protection from fire

@: no status effects
A: unfitting armour, claws 3, hooves 1, clarity, deterioration 2, fast
metabolism 3, gourmand, regeneration 1, shaggy fur 1, tough skin 2
a: Minor Destruction, Lesser Servant of Makhleb, Renounce Religion, Evoke Flight


You were on level 5 of the Dungeon.
You worshipped Makhleb.
Makhleb was most pleased with you.
You were very full.

You visited 1 branch of the dungeon, and saw 5 of its levels.

You collected 379 gold pieces.

Inventory:

Hand Weapons
 p - a +0 broad axe of chopping
 B - the +0 scythe "Xaiwn" {drain, Int+3}
   (You found it on level 4 of the Dungeon)

   A truly terrible weapon, it drains the life of those it strikes.
   It affects your intelligence (+3).
Missiles
 x - 8 large rocks (quivered)
Armour
 a - a +1 robe (worn)
 u - a +0 shield
 A - a +0 large shield
Jewellery
 h - a ring of flight (left claw)
 j - a ring of protection from fire (right claw)
 m - an uncursed ring of poison resistance
 q - an uncursed ring of poison resistance
 s - an uncursed ring of ice {unknown}
 y - an uncursed ring of ice {unknown}
Scrolls
 c - 7 scrolls of teleportation
 e - 2 scrolls of fear {unknown}
 g - 6 scrolls of identify
 r - a scroll of noise
 w - 2 scrolls of enchant weapon {unknown}
 D - a scroll of amnesia {unknown}
Potions
 d - a potion of curing
 i - a potion of cancellation {unknown}
 k - a potion of lignification {unknown}
 l - a potion of might {unknown}
 n - 2 potions of degeneration {unknown}
 o - a potion of brilliance {unknown}
 t - 3 potions of flight {unknown}
 z - a potion of invisibility {unknown}
 C - 2 potions of magic {unknown}
Comestibles
 b - 5 bread rations
 f - 2 meat rations
 v - a royal jelly


   Skills:
 + Level 4.9 Fighting
 + Level 1.5 Throwing
 - Level 2.4 Dodging
 - Level 1.0 Stealth
 + Level 1.4 Shields
 * Level 7.5 Unarmed Combat


You had 6 spell levels left.
You didn't know any spells.

Dungeon Overview and Level Annotations

Branches:
Dungeon (5/15)
 Temple: D:4-7

Altars:
Ashenzari
Cheibriados
Elyvilon
Kikubaaqudgha
Makhleb
Qazlal
Sif Muna
Trog
Uskayaw

Annotations:
D:5 Duvessa


Innate Abilities, Weirdness & Mutations

You are too large for most types of armour.
You have claws for hands.
Your metabolism is lightning-fast.
You like to eat raw meat.
Your natural rate of healing is unusually fast.
You are covered in fur. (AC +1)
You have very tough skin. (AC +2)
You have large cloven feet.
You possess an exceptional clarity of mind.
Your body often deteriorates upon taking damage.


Message History

Duvessa is heavily wounded.
Duvessa hits you with a short sword.
You closely miss Duvessa. You kick Duvessa, but do no damage.
Duvessa is heavily wounded.
Duvessa hits you with a short sword!
* * * LOW HITPOINT WARNING * * *
Your body deteriorates!
You feel weakened. Duvessa hits you with a short sword!
* * * LOW HITPOINT WARNING * * *
You claw Duvessa! You kick Duvessa, but do no damage.
Duvessa is heavily wounded.
Duvessa hits you with a short sword.
* * * LOW HITPOINT WARNING * * *
You scratch Duvessa.
Duvessa is severely wounded.
Duvessa barely misses you.
You claw Duvessa! Your claw misses Duvessa.
Duvessa is almost dead.
Duvessa hits you with a short sword!
You die...

..........#.......#.#
#########.#.##.##.#.#
#.#.#.....#.# ######
#.#.##....#.# .....#
#.#.##.##.#.# .....#
#.#.##.##.#.#
.....####.#....##.#.#
..........#.......#.#
#...............@e..#
#..##.............###
#..##.###.#.#...#)#
#.)##.#....<....#.#
#...#.#.#.#.#.#.#.#
#.#.#.#.....#...#.#
#.#...###.#######.#
#.##..#.... #.#
#.##..#.#.# #.#


You could see Duvessa (berserk).

Vanquished Creatures
  A sky beast (D:2)
  A big kobold (D:2)
  Dowan (D:5)
  4 scorpions
  A crimson imp (D:5)
  A bullfrog zombie (D:5)
  A jelly (D:5)
  3 orc priests
  A hound (D:4)
  2 orc wizards
  8 gnolls
  8 adders
  An adder skeleton (D:5)
  5 worms
  2 dart slugs (D:2)
  3 leopard geckos
  25 orcs
  4 giant cockroaches
  8 goblins
  6 hobgoblins
  6 jackals
  3 quokkas
  2 ball pythons
  7 bats
  A frilled lizard (D:5)
  10 kobolds
  9 rats
  A plant (D:1)
125 creatures vanquished.

Notes
Turn   | Place    | Note
-------+----------+-------------------------------------------
     0 | D:1      | grindst0ne the Troll Monk began the quest for the Orb.
     0 | D:1      | Reached XP level 1. HP: 22/22 MP: 0/0
   108 | D:1      | Reached XP level 2. HP: 29/29 MP: 1/1
   703 | D:1      | Reached XP level 3. HP: 34/36 MP: 2/2
  1252 | D:2      | Found a faded altar of an unknown god.
  1282 | D:2      | Reached skill level 4 in Unarmed Combat
  1306 | D:2      | Noticed a big kobold
  1307 | D:2      | Found a shattered altar of Ashenzari.
  1307 | D:2      | Noticed a sky beast
  1364 | D:2      | Reached XP level 4. HP: 12/45 MP: 3/3
  1688 | D:2      | Found a white marble altar of Elyvilon.
  1820 | D:2      | Killed a big kobold
  1820 | D:2      | Reached skill level 5 in Unarmed Combat
  1820 | D:2      | Reached XP level 5. HP: 7/53 MP: 4/4
  1844 | D:2      | Killed a sky beast
  1844 | D:2      | Reached XP level 6. HP: 33/62 MP: 5/5
  1873 | D:2      | Gained mutation: You possess an exceptional clarity of mind. [mutagenic meat]
  1874 | D:2      | Gained mutation: Your body sometimes deteriorates upon taking damage. [mutagenic meat]
  1875 | D:2      | Gained mutation: You have large cloven feet. [mutagenic meat]
  1876 | D:2      | Gained mutation: Your body often deteriorates upon taking damage. [mutagenic meat]
  1948 | D:3      | Reached skill level 6 in Unarmed Combat
  2188 | D:3      | Found a bloodstained altar of Trog.
  2282 | D:3      | Found a hide-covered altar of Uskayaw.
  2420 | D:3      | Found a burning altar of Makhleb.
  2431 | D:3      | Became a worshipper of Makhleb the Destroyer
  2431 | D:3      | Reached * piety under Makhleb
  2431 | D:3      | Reached ** piety under Makhleb
  2785 | D:4      | Reached XP level 7. HP: 71/71 MP: 6/6
  2906 | D:4      | Found a deep blue altar of Sif Muna.
  3027 | D:4      | Found an ancient bone altar of Kikubaaqudgha.
  3241 | D:4      | Got a bloodstained scythe
  3242 | D:4      | Identified the cursed +0 scythe "Xaiwn" {drain, Int+3} (You found it on level 4 of the Dungeon)
  3368 | D:4      | Found a stormy altar of Qazlal.
  3369 | D:4      | Found a snail-covered altar of Cheibriados.
  3501 | D:5      | Entered Level 5 of the Dungeon
  3537 | D:5      | Reached skill level 7 in Unarmed Combat
  3805 | D:5      | Reached skill level 1 in Throwing
  3805 | D:5      | Reached skill level 1 in Shields
  3991 | D:5      | Reached *** piety under Makhleb
  4075 | D:5      | Noticed Duvessa
  4076 | D:5      | Noticed Dowan
  4100 | D:5      | HP: 2/71 [Dowan/dagger of freezing (2)]
  4406 | D:5      | Killed Dowan
  4414 | D:5      | Slain by Duvessa

Vault maps used:
D:1:      ncdulo_watergridlock, grunt_decor_one_mirror, serial_bayou_lake_a
D:2:      gammafunk_temple_overflow_arena, elyvilon_altar_5,
          chequers_ecumenical_altar_simple, minivault_23
D:3:      lemuel_crystal_altar, old_standard_altar, first_bread, trog_book
D:4:      kiku_gazebo_garden_becter, gammafunk_temple_overflow_statue,
          overflow_temple_1_default
D:5:      minmay_temple_entry_enclosed_plants, uniq_duvessa

Skill      XL: |  1  2  3  4  5  6  7 |
---------------+----------------------+-----
Fighting       | 3 4 |  4.9
Unarmed Combat | 4 5 6 7 |  7.5
Throwing       | 1 |  1.5
Shields        | 1 |  1.4
Dodging        | |  2.4
Stealth        | |  1.0

Action                   |  1- 3 |  4- 6 |  7- 9 || total
-------------------------+-------+-------+-------++-------
Melee: Unarmed           |    84 |   166 |   131 ||   381
       Punch             |     3 |     5 |     1 ||     9
       Kick              |       |    18 |    34 ||    52
  Use: Potion            |       |     2 |     1 ||     3
       Scroll            |       |     6 |     4 ||    10
 Stab: Sleeping          |     3 |       |       ||     3
  Eat: Chunk             |     6 |    25 |    13 ||    44
       Bread ration      |     1 |       |       ||     1
Armor: Robe              |    25 |    45 |    38 ||   108
Dodge: Dodged            |    44 |    85 |    48 ||   177
